 Dungeon Crawl Stone Soup version 0.30.1-9-gdf580d7c3d (webtiles) character file.

Game seed: 1463864487443047339

22 Peloso the Trooper (level 2, 27/27 HPs)
             Began as a Minotaur Fighter on Oct 12, 2023.
             Got out of the dungeon alive.
             The game lasted 00:00:54 (358 turns).

Peloso the Trooper (Minotaur Fighter)                Turns: 358, Time: 00:00:55

Health: 27/27      AC:  7    Str: 20    XL:     2   Next: 68%
Magic:  1/1        EV:  9    Int:  5    God:
Gold:   14         SH:  4    Dex:  9    Spells: 1/1 levels left

rFire   . . .        a - +0 long sword
rCold   . . .        c - +0 buckler
rNeg    . . .        b - +0 scale mail
rPois   .            (helmet restricted)
rElec   .            (no cloak)
rCorr   .            (no gloves)
SInv    .            (no boots)
Will    +....        (no amulet) Stlth
                     (no ring)
HPRegen 0.24/turn    (no ring)
MPRegen 0.07/turn

%: no passive effects
@: no status effects
A: horns 2, retaliatory headbutt, strong-willed 1, teleportitis 1
a: no special abilities


You escaped.
You visited 1 branch of the dungeon, and saw 1 of its levels.

You collected 14 gold pieces.

Inventory:

Hand Weapons
 a - a +0 long sword (weapon)
Armour
 b - a +0 scale mail (worn)
 c - a +0 buckler (worn)
Scrolls
 h - a scroll of poison {unknown}
 i - a scroll of teleportation {unknown}
 j - a scroll of noise {unknown}
Potions
 d - a potion of might
 e - a potion of curing
 g - 3 potions of degeneration {unknown}


   Skills:
 + Level 4.1 Fighting
 + Level 2.9 Long Blades
 + Level 3.9 Armour
 + Level 3.9 Shields


You had one spell level left.
You didn't know any spells.
Your spell library was empty.

Dungeon Overview and Level Annotations

Branches:
Dungeon (1/15)

Altars:


Innate Abilities, Weirdness & Mutations

You have a pair of horns on your head.
You reflexively headbutt those who attack you in melee.
You are strong-willed. (Will+)
You are occasionally teleported next to monsters.


Message History

You furiously retaliate!
You headbutt the giant cockroach.
You kill the giant cockroach!
Your Fighting skill increases to level 4!
i - a scroll labelled CEQOFO NA HOXT A dart slug comes into view.
A dart slug is nearby!
A dart slug is nearby!
A dart slug is nearby!
The dart slug launches a dart at you. The slug dart misses you.
Found a robe.
Found a scroll labelled TYTOGU PUABU.
You hit the dart slug but do no damage. You headbutt the dart slug.
The dart slug is severely wounded.
The dart slug misses you.
You slash the dart slug!
You kill the dart slug!
g - 3 bubbling pink potions (gained 2)
j - a scroll labelled TYTOGU PUABU A ball python comes into view.
The ball python hisses angrily.
A ball python is nearby!
A ball python is nearby!
You slash the ball python!
You kill the ball python!
You see here a ball python corpse.
It was a potion of curing.
You feel better.
It was a potion of mutation.
You feel extremely strange.
You feel weirdly uncertain.
You feel strong-willed.
(D) Dungeon
Where to? (? - help)
What level of the Dungeon? (default 1, ? - help)
You see here a ball python corpse.
There is an open door here.
There is a large open door here.
There is a large open door here.
There is a large open door here.
There is a staircase leading out of the dungeon here.
Are you sure you want to leave the Dungeon?
This will make you lose the game!
You have escaped!

.# ######'####
#.#.#.# # .#
####'####### #.#.#.#
## #..........#
#.#.#.# #
#..........# #.# .#
# #..........# #
####'#######
#############.#
..............####
.##........####.@#
..'........####''###
###........##......#
...........##.≈≈≈≈.#
#######.#####.≈≈≈≈.#
...........##......#
########...####''###
+....###..# #.
###).....#''#####...


There were no monsters in sight!

Vanquished Creatures
  A dart slug (D:1)
  A ball python (D:1)
  2 bats (D:1)
  2 endoplasms (D:1)
  2 giant cockroaches (D:1)
  2 hobgoblins (D:1)
  2 jackals (D:1)
  A kobold (D:1)
  A frilled lizard (D:1)
  A goblin (D:1)
  2 rats (D:1)
17 creatures vanquished.

Notes
Turn   | Place    | Note
-------+----------+-------------------------------------------
     0 | D:1      | Peloso the Minotaur Fighter began the quest for the Orb.
     0 | D:1      | Reached XP level 1. HP: 19/19 MP: 0/0
   116 | D:1      | Reached XP level 2. HP: 25/27 MP: 1/1
   248 | D:1      | Reached skill level 4 in Fighting
   301 | D:1      | Gained mutation: You are occasionally teleported next to
                  | monsters. [potion of mutation]
   301 | D:1      | Gained mutation: You are strong-willed. (Will+) [potion of
                  | mutation]
   358 | D:$      | Got out of the dungeon alive.

Illustrated notes

Levels and vault maps discovered:
D:1:      lightli_arrival_lavapool, layout_basic, serial_bayou_pond_a,
          amcnicky_mini_pool_small

Skill      XL: |  1  2 |
---------------+-------+-----
Fighting       | 4 |  4.1
Long Blades    | |  2.9
Armour         | |  3.9
Shields        | |  3.9

Action                     || total
---------------------------++-------
  Melee: Long sword        ||    41
         Headbutt          ||     4
    Use: Potion            ||     2
 Armour: Scale mail        ||    25
  Dodge: Dodged            ||    23
  Block: Buckler           ||     9
